 Dungeon Crawl Stone Soup version 0.28.0-53-g5a82cb258f (webtiles) character file.

Game seed: 6597163212898115043

3223 jiml777 the Digger (level 9, -14/52 HPs)
             Began as a Gargoyle Earth Elementalist on June 9, 2022.
             Was an Initiate of Cheibriados.
             Demolished by an orc warrior
             ... wielding a +0 trident
              (28 damage)
             ... in a bailey.
             The game lasted 00:45:19 (8416 turns).

jiml777 the Digger (Gargoyle Earth Elementalist)    Turns: 8416, Time: 00:45:20

Health: -14/52     AC: 10    Str: 13    XL:     9   Next: 98%
Magic:  17/35      EV: 13    Int: 27    God:    Cheibriados [......]
Gold:   685        SH:  0    Dex: 13    Spells: 13/19 levels left

rFire   + . .      SeeInvis +   C - +7 spear of Indomitability {drain, rF+}
rCold   + . .      Faith    .   (no shield)
rNeg    + . .      Spirit   .   J - +1 leather armour of Action {MP+9 SInv Stlth+}
rPois   ∞          Reflect  .   (no helmet)
rElec   +          Harm     .   (no cloak)
rCorr   .          Rampage  .   (no gloves)
Will    .....                   (no boots)
Stlth   +++.......              g - amulet of regeneration
HPRegen 0.97/turn               y - ring of magical power
MPRegen 0.24/turn               K - ring "Jearokhi" {rElec rC+ Int+6 Dex+2}

@: mighty, very slow
A: sickness immunity, AC +6, negative energy resistance 1, electricity
resistance, torment resistance 1, petrification resistance
a: Renounce Religion


You were in a bailey.
You worshipped Cheibriados.
Cheibriados was noncommittal.
You visited 2 branches of the dungeon, and saw 9 of its levels.
You also visited: Ossuary and Bailey.

You collected 685 gold pieces.

Inventory:

Hand Weapons
 e - a +0 hunting sling
 f - a +0 whip
 h - a +0 arbalest
 i - a +0 short sword
 u - a +1 vampiric falchion
 C - the +7 spear of Indomitability (weapon) {drain, rF+}
   (You found it on level 5 of the Dungeon)

   A truly terrible weapon, it drains the life of any living foe it strikes.
   rF:        It protects you from fire.
Missiles
 c - 219 stones
 j - 49 bolts
 n - 97 arrows
 q - 25 poisoned darts
 r - 19 sling bullets
Armour
 b - a +0 robe
 d - a +1 leather armour
 o - a +0 kite shield
 s - the +0 ring mail of Urif {rC- Regen+ Str+2}
   (You found it on level 3 of the Dungeon)

   Str:       It affects your strength (+2).
   rC:        It makes you vulnerable to cold.
   Regen:     It increases your rate of health regeneration.
 D - +2 steam dragon scales
 J - the +1 leather armour of Action (worn) {MP+9 SInv Stlth+}
   (You found it on level 7 of the Dungeon)

   MP:        It affects your magic capacity (+9).
   SInv:      It lets you see invisible.
   Stlth:     It makes you more stealthy.
Jewellery
 g - an amulet of regeneration (around neck)
 l - a ring of ice
 y - a ring of magical power (left hand)
 K - the ring "Jearokhi" (right hand) {rElec rC+ Int+6 Dex+2}
   (You found it on level 7 of the Dungeon)

   [ring of intelligence]

   Int:       It affects your intelligence (+6).
   Dex:       It affects your dexterity (+2).
   rC:        It protects you from cold.
   rElec:     It insulates you from electricity.
Wands
 F - a wand of acid (10)
 G - a wand of iceblast (3)
Scrolls
 k - a scroll of fear
 E - a scroll of teleportation
 H - a scroll of fog
 I - a scroll of identify
Potions
 m - a potion of lignification
 p - 2 potions of haste
 t - 2 potions of magic
 v - 4 potions of curing
 w - 2 potions of brilliance
 x - a potion of mutation
 A - 3 potions of flight
 B - a potion of berserk rage


   Skills:
 + Level 4.6 Fighting
 + Level 2.8 Short Blades
 + Level 0.4 Maces & Flails
 + Level 5.8 Polearms
 + Level 3.8 Armour
 - Level 4.0 Dodging
 + Level 4.4 Stealth
 * Level 5.5 Spellcasting
 + Level 0.7 Conjurations
 + Level 0.7 Transmutations
 * Level 7.4 Earth Magic
 * Level 1.7 Invocations


You had 13 spell levels left.
You knew the following spells:

 Your Spells              Type           Power      Damage    Failure   Level
a - Sandblast             Erth           94%        2d19      1%          1
b - Passwall              Tmut/Erth      24%        N/A       2%          2
c - Stone Arrow           Conj/Erth      58%        3d10      4%          3

Your spell library contained the following spells:

 Spells                   Type           Power      Damage    Failure   Level
 Foxfire                  Conj/Fire      36%        2x1d5     8%          1
 Petrify                  Tmut/Erth      29%        N/A       16%         4
 Conjure Flame            Conj/Fire      9%         6-21      22%         3
 Inner Flame              Hex/Fire       7%         N/A       26%         3
 Summon Guardian Golem    Hex/Summ       7%         N/A       26%         3
 Flame Wave               Conj/Fire      9%         2d5       58%         4
 Conjure Ball Lightning   Conj/Air       4%         3x3d6     100%        6
 Orb of Destruction       Conj           5%         9d5       100%        7
 Spellforged Servitor     Conj/Summ      4%         N/A       100%        7
 Discord                  Hex            3%         N/A       100%        8
 Disjunction              Tloc           3%         N/A       100%        8


Dungeon Overview and Level Annotations

Branches:
Dungeon (8/15)             Temple (1/1) D:7         Ossuary (visited)
 Bailey (1/1)
   Lair: D:8-11

Altars:
Ashenzari
Cheibriados
Dithmenos
Elyvilon
Fedhas
Gozag
Hepliaklqana
Kikubaaqudgha
Makhleb
Nemelex Xobeh
Qazlal
Ru
Sif Muna
Trog
Uskayaw
Vehumet
Wu Jian
Xom
Yredelemnul
Zin
The Shining One

Shops:
D:1 :


Innate Abilities, Weirdness & Mutations

You are immune to sickness and miasma.
Your stone body is resilient. (AC +6)
You are immune to poison.
You resist negative energy. (rN+)
You are resistant to electric shocks. (rElec)
You are resistant to unholy torment.
You are immune to petrification.


Message History

Aiming: Stone Arrow (dangerous; 4% risk of failure)
Press: ? - help, Shift-Dir - straight line, f/p - orc knight
Aim: an orc knight, wielding a +0 glaive and wearing a +0 plate armour (moderately wounded, 71% to hit)
The stone arrow hits the orc knight.
The orc knight is moderately wounded.
The orc knight hits you from afar with a +0 glaive!!
Casting: Stone Arrow (dangerous; 4% risk of failure)
Confirm with . or Enter, or press ? or * to list all spells.
Aiming: Stone Arrow (dangerous; 4% risk of failure)
Press: ? - help, Shift-Dir - straight line, f/p - orc knight
Aim: an orc knight, wielding a +0 glaive and wearing a +0 plate armour (moderately wounded, 71% to hit)
The stone arrow hits the orc knight!
The orc knight is heavily wounded.
The orc warrior closely misses you. The orc knight completely misses you.
Casting: Stone Arrow (dangerous; 4% risk of failure)
Confirm with . or Enter, or press ? or * to list all spells.
Aiming: Stone Arrow (dangerous; 4% risk of failure)
Press: ? - help, Shift-Dir - straight line, f/p - orc knight
Aim: an orc knight, wielding a +0 glaive and wearing a +0 plate armour (heavily wounded, 71% to hit)
The stone arrow hits the orc knight!!
The orc knight is severely wounded.
The orc warrior hits you but does no damage.
The orc knight hits you from afar with a +0 glaive!!
* * * LOW HITPOINT WARNING * * *
You feel much better.
The orc warrior hits you from afar with a +0 trident!
The orc knight roars a battlecry!
The orc warrior goes into a battle-frenzy!
You feel very mighty all of a sudden.
The orc warrior hits you from afar with a +0 trident.
The orc knight hits you from afar with a +0 glaive!
* * * LOW HITPOINT WARNING * * *
Reach: C) +7 spear of Indomitability {drain, rF+}
Press: ? - help, Dir - move target, f/p - orc knight
Aim: an orc knight, wielding a +0 glaive and wearing a +0 plate armour (severely wounded, about 29% to evade the +7 spear of Indomitability)
You reach to attack!
You puncture the orc knight! You drain the orc knight.
The orc knight is almost dead.
The orc warrior hits you from afar with a +0 trident!!
Ouch! That really hurt!
You die...

≈≈................
..♣.♣.......♣♣.##
♣............♣.#
###......))....#
##..........##
#..........#
#♣..∩.o∩o.♣#
♣........♣
♣♣.....@♣♣
♣♣♣♣♣♣♣♣


You could see an orc knight (drained) and an orc warrior (strong).

Vanquished Creatures
  A two-headed ogre (D:7)
  A steam dragon (D:5)
  A water moccasin (D:5)
  6 orc warriors (Bailey)
  A black bear (D:4)
  A necrophage (D:5)
  An ogre (D:4)
  A phantom (D:5)
  A bullfrog (D:7)
  2 kobold brigands
  2 scorpions
  A wyvern skeleton (D:7)
  4 killer bees (D:7)
  A water moccasin skeleton (D:5)
  3 wights (D:6)
  A centaur zombie (D:6)
  4 hounds
  A centaur skeleton (D:6)
  3 jellies
  An orc priest (D:6)
  A bullfrog skeleton (D:6)
  3 iguanas (D:6)
  Natasha (thrice) (D:2)
  An orc wizard (D:5)
  A hound skeleton (D:4)
  9 mummies
  A howler monkey skeleton (D:4)
  2 adders
  A white imp (D:5)
  2 ufetubi
  An adder skeleton (D:4)
  A dart slug (D:1)
  19 orcs
  3 ball pythons
  5 bats (D:1)
  7 endoplasms
  3 giant cockroaches
  3 gnoll zombies (Ossuary)
  4 goblins
  4 hobgoblins
  4 jackals (D:1)
  6 quokkas
  2 frilled lizards (D:1)
  A hobgoblin zombie (D:5)
  10 kobolds
  3 kobold zombies
  4 orc zombies
  4 rats
145 creatures vanquished.

Notes
Turn   | Place    | Note
-------+----------+-------------------------------------------
     0 | D:1      | jiml777 the Gargoyle Earth Elementalist began the quest for
                  | the Orb.
     0 | D:1      | Reached XP level 1. HP: 10/10 MP: 3/3
   443 | D:1      | Reached skill level 4 in Earth Magic
   443 | D:1      | Reached XP level 2. HP: 15/15 MP: 3/5
   572 | D:1      | Found a faded altar of an unknown god.
   856 | D:1      | Found Huastrat's Book Emporium.
  1210 | D:1      | Reached XP level 3. HP: 19/19 MP: 6/6
  1664 | D:2      | Noticed Natasha
  1670 | D:2      | Killed Natasha
  1671 | D:2      | Reached skill level 1 in Armour
  1671 | D:2      | Reached XP level 4. HP: 15/24 MP: 3/7
  2225 | D:2      | Noticed Natasha
  2235 | D:2      | Killed Natasha
  2672 | D:2      | Noticed Natasha
  2677 | D:2      | Killed Natasha
  2678 | D:2      | Reached skill level 1 in Short Blades
  2678 | D:2      | Reached XP level 5. HP: 28/28 MP: 4/8
  3039 | D:3      | Identified the +0 ring mail of Urif {rC- Regen+ Str+2}
  3247 | D:3      | Reached skill level 1 in Fighting
  3591 | D:4      | Found a sand-covered staircase.
  3600 | Ossuary  | Entered an ossuary
  3787 | Ossuary  | Reached skill level 5 in Earth Magic
  3876 | Ossuary  | HP: 1/29 [mummy (7)]
  4221 | Ossuary  | Reached XP level 6. HP: 16/34 MP: 8/11
  4668 | D:4      | Found a blossoming altar of Fedhas.
  4956 | D:4      | Noticed a black bear
  4962 | D:4      | Killed a black bear
  4963 | D:4      | Reached XP level 7. HP: 38/38 MP: 8/13
  4966 | D:4      | Learned a level 2 spell: Passwall
  4970 | D:4      | Learned a level 3 spell: Stone Arrow
  5718 | D:5      | Entered Level 5 of the Dungeon
  5763 | D:5      | Reached skill level 6 in Earth Magic
  5839 | D:5      | Found an ornate altar of the Wu Jian Council.
  5924 | D:5      | Identified the +0 scale mail of Udievorgh {+Blink +Inv
                  | Slay+2}
  5969 | D:5      | Identified the +7 spear of Indomitability {drain, rF+}
  5995 | D:5      | Noticed a steam dragon
  6003 | D:5      | Killed a steam dragon
  6004 | D:5      | Reached XP level 8. HP: 29/44 MP: 14/14
  6033 | D:5      | Reached skill level 1 in Polearms
  6397 | D:6      | Found a radiant altar of Vehumet.
  6401 | D:6      | Found a shimmering altar of Xom.
  7089 | D:7      | Reached skill level 5 in Spellcasting
  7089 | D:7      | Reached XP level 9. HP: 51/51 MP: 16/16
  7111 | D:7      | Noticed a two-headed ogre
  7122 | D:7      | Killed a two-headed ogre
  7123 | D:7      | Reached skill level 5 in Polearms
  7342 | D:7      | Found a white marble altar of Elyvilon.
  7357 | D:7      | Found a staircase to the Ecumenical Temple.
  7370 | D:7      | Identified the +1 leather armour of Action {MP+9 SInv
                  | Stlth+}
  7382 | D:7      | Identified the ring "Jearokhi" {rElec rC+ Int+6 Dex+2}
  7393 | Temple   | Entered the Ecumenical Temple
  7600 | Temple   | Became a worshipper of Cheibriados the Contemplative
  8121 | D:8      | Found a flagged portal.
  8131 | Bailey   | Entered a bailey
  8216 | Bailey   | Reached skill level 7 in Earth Magic
  8245 | Bailey   | Reached skill level 1 in Invocations
  8404 | Bailey   | Noticed an orc knight
  8416 | Bailey   | Demolished by an orc warrior

Illustrated notes

Levels and vault maps discovered:
D:1:      heliophobic_arrival_enchanted_forest, layout_loops_ring, serial_shops,
          nicolae_shop_advertising_works [nicolae_subvault_shop_adworks],
          chequers_ecumenical_altar_grove, minmay_tromino_v2
D:2:      layout_basic, uniq_natasha
D:3:      layout_rooms
D:4:      layout_basic, fedhas_altar_2, lightli_ossuary_entry_decrepit_ruins
D:5:      layout_rooms, lemuel_coloured_pillars_altar, minmay_mini_ossuary
D:6:      layout_loops_cross, grunt_temple_overflow_open, chequers_arboretum,
          minmay_misc_feat_x
D:7:      layout_gridville, elyvilon_altar_1, minmay_temple_entry_glass,
          hex_medium, hangedman_glass_teeth
D:8:      layout_loops_corners, serial_shops, shop, enter_bailey_2
Temple:   nicolae_temple_elliptical
Bailey:   bailey_polearm_elven_captive_hellmonk, bailey

Skill      XL: |  1  2  3  4  5  6  7  8  9 |
---------------+----------------------------+-----
Earth Magic    | 4 5 6 7 |  7.4
Armour         | 1 2 3 |  3.8
Short Blades   | 1 2 |  2.8
Fighting       | 1 2 3 4 |  4.6
Spellcasting   | 3 4 5 |  5.5
Dodging        | 2 3 4 |  4.0
Stealth        | 3 4 |  4.4
Polearms       | 4 5 |  5.8
Invocations    | 1 |  1.7
Maces & Flails | |  0.4
Conjurations   | |  0.7
Transmutations | |  0.7

Action                   |  1- 3 |  4- 6 |  7- 9 || total
-------------------------+-------+-------+-------++-------
Melee: Unarmed           |    16 |       |       ||    16
       Whip              |    28 |       |       ||    28
       Short sword       |    32 |   135 |    39 ||   206
       Punch             |     3 |     1 |     2 ||     6
       Spear             |       |       |   224 ||   224
 Cast: Sandblast         |    17 |    60 |    30 ||   107
       Stone Arrow       |       |       |    24 ||    24
  Use: Potion            |       |     3 |     3 ||     6
       Scroll            |       |     3 |    20 ||    23
 Stab: Sleeping          |     2 |       |     4 ||     6
Armor: Leather armour    |    37 |    51 |    60 ||   148
       Steam dragon scal |       |       |    62 ||    62
Dodge: Dodged            |    46 |    77 |   180 ||   303
